 Dungeon Crawl Stone Soup version 0.29-a0-243-g602b31c20e (webtiles) character file.

Game seed: 2585845520686493198

9405 fcSolar the Arsonist (level 11, 0/82 HPs)
             Began as a Pale Draconian Fire Elementalist on Mar 5, 2022.
             Succumbed to Amaemon's poison
             ... on level 9 of the Dungeon.
             The game lasted 01:11:37 (11122 turns).

fcSolar the Arsonist (DrFE)                        Turns: 11122, Time: 01:11:38

Health: 0/82       AC:  7    Str: 10 (11) XL:     11   Next: 22%
Magic:  8/35       EV: 28    Int: 23 (24) God:
Gold:   504        SH:  0    Dex: 12 (13) Spells: 19/32 levels left

rFire   . . .      SeeInvis .   c - +0 dagger
rCold   + . .      Faith    .   (no shield)
rNeg    + . .      Spirit   .   (body armour unavailable)
rPois   .          Reflect  .   (helmet restricted)
rElec   +          Harm     .   (no cloak)
rCorr   .          Rampage  .   (no gloves)
Will    +....                   (no boots)
Stlth   ++........              d - amulet of the acrobat
HPRegen 0.23/turn               f - ring of positive energy
MPRegen 0.24/turn               a - ring "Akhlaeqoy" {rElec rC+ MP+9 Int+6}

@: lethally poisoned (0 -> -31), acrobatic, flying
A: breathe steam, AC +7, unfitting armour, cold-blooded, steam resistance,
antennae 1, big wings, talons 1, deterioration 1, strong-willed 1
a: Breathe Steam


You were on level 9 of the Dungeon.
You visited 2 branches of the dungeon, and saw 10 of its levels.

You collected 504 gold pieces.

Inventory:

Hand Weapons
 c - a +0 dagger (weapon)
Missiles
 q - 106 stones (quivered)
Magical Staves
 w - a staff of cold
Jewellery
 a - the ring "Akhlaeqoy" (right hand) {rElec rC+ MP+9 Int+6}
   (You found it on level 2 of the Dungeon)

   [ring of intelligence]

   Int:       It affects your intelligence (+6).
   rC:        It protects you from cold.
   rElec:     It insulates you from electricity.
   MP:        It affects your magic capacity (+9).
 d - an amulet of the acrobat (around neck)
 e - a ring of resist corrosion
 f - a ring of positive energy (left hand)
 h - a ring of protection from fire
 x - the ring "Katacruv" {Wiz Contam rF+ Will+ rCorr}
   (You found it on level 8 of the Dungeon)

   [ring of wizardry]

   It improves your spell success rate.
   rF:        It protects you from fire.
   Contam:    It causes magical contamination when unequipped.
   rCorr:     It protects you from acid and corrosion.
   Will:      It increases your willpower.
 z - a +4 ring of protection
Wands
 i - a wand of flame (13)
 p - a wand of polymorph (7)
Scrolls
 b - 4 scrolls of teleportation
 k - 5 scrolls of identify
 m - a scroll of fear
 n - a scroll of fog
 r - a scroll of magic mapping
 t - a scroll of vulnerability {unknown}
 u - a scroll of immolation {unknown}
 y - a scroll of blinking
Potions
 g - a potion of brilliance
 j - 3 potions of curing
 l - 3 potions of might
 o - a potion of degeneration {unknown}
 s - a potion of attraction {unknown}
 v - a potion of flight {unknown}


   Skills:
 + Level 3.2 Fighting
 + Level 1.0 Short Blades
 + Level 0.6 Throwing
 + Level 3.6 Dodging
 + Level 3.8 Stealth
 + Level 11.1 Spellcasting
 + Level 2.3 Conjurations
 + Level 1.5 Hexes
 + Level 12.3 Fire Magic
 + Level 1.4 Earth Magic


You had 19 spell levels left.
You knew the following spells:

 Your Spells              Type           Power      Damage    Failure   Level
a - Foxfire               Conj/Fire      100%       2x1d9     1%          1
b - Scorch                Fire           100%       2d10      1%          2
c - Inner Flame           Hex/Fire       44%        N/A       1%          3
d - Flame Wave            Conj/Fire      46%        2d10      2%          4
e - Stone Arrow           Conj/Erth      42%        3d9       7%          3

Your spell library contained the following spells:

 Spells                   Type           Power      Damage    Failure   Level
 Conjure Flame            Conj/Fire      46%        6-21      1%          3
 Sandblast                Erth           38%        2d10      2%          1
 Slow                     Hex            76%        N/A       2%          1
 Summon Small Mammal      Summ           48%        N/A       4%          1
 Ensorcelled Hibernation  Hex/Ice        32%        N/A       5%          2
 Passwall                 Tmut/Erth      13%        N/A       6%          2
 Confusing Touch          Hex            19%        N/A       9%          3
 Portal Projectile        Hex/Tloc       32%        N/A       11%         3
 Summon Guardian Golem    Hex/Summ       16%        N/A       11%         3
 Call Canine Familiar     Summ           12%        N/A       16%         3
 Ozocubu's Armour         Ice            12%        N/A       16%         3
 Spider Form              Tmut/Pois      12%        N/A       16%         3
 Vampiric Draining        Necr           12%        2d6       16%         3
 Leda's Liquefaction      Hex/Erth       9%         N/A       26%         4
 Anguish                  Hex/Necr       8%         N/A       36%         4
 Metabolic Englaciation   Hex/Ice        8%         N/A       71%         5
 Simulacrum               Ice/Necr       6%         N/A       100%        6
 Chain Lightning          Conj/Air       9%         3d12      100%        9
 Fire Storm               Conj/Fire      23%        8d6       100%        9
 Shatter                  Erth           9%         3d11*     100%        9


Dungeon Overview and Level Annotations

Branches:
Dungeon (9/15)             Temple (1/1) D:7
   Lair: D:8-11         Orc: D:9-12

Altars:
Ashenzari
Cheibriados
Dithmenos
Fedhas
Hepliaklqana
Makhleb
Nemelex Xobeh
Okawaru
Qazlal
Ru
Sif Muna
Trog
Uskayaw
Wu Jian
Xom
Yredelemnul

Annotations:
D:3 1 runed translucent door, spaghetti's ghost, amateur DsBe
D:9 Amaemon


Innate Abilities, Weirdness & Mutations

You can breathe blasts of scalding, opaque steam.
Your pale cyan-grey scales are hard. (AC +7)
You cannot fit into any form of body armour.
You are cold-blooded and may be slowed by cold attacks.
You are immune to the effects of steam.
You have a pair of small antennae on your head.
Your large and strong wings let you fly.
You have sharp toenails.
Your body sometimes deteriorates upon taking damage.
You are strong-willed. (Will+)


Message History

Amaemon misses you. x2
A wave of flame ripples out!
The flame wave engulfs Amaemon!
Amaemon is heavily wounded.
The flame wave engulfs the scorpion!
You kill the scorpion!
The scorpion's corpse disappears in a puff of smoke!
The flame wave engulfs the orange demon!
The orange demon is almost dead.
You finish channelling waves of flame.
You feel very sick. The orange demon completely misses you. Amaemon misses you.
Amaemon completely misses you. Amaemon closely misses you.
Casting: Flame Wave (dangerous; 2% risk of failure)
Confirm with . or Enter, or press ? or * to list all spells.
Casting: Flame Wave (dangerous; 2% risk of failure)
Press: ? - help, Dir - look around, f - activate A wave of flame ripples out!
The flame wave engulfs Amaemon.
Amaemon is heavily wounded. (Press . to intensify the flame waves.)
You feel very sick.
The orange demon stings you but does no damage.
Amaemon hits you with a +1 demon whip of venom!
* * * LOW HITPOINT WARNING * * *
Your body deteriorates!
You feel weakened.
You are lethally poisoned!
Amaemon barely misses you. x2
A wave of flame ripples out!
The flame wave engulfs Amaemon!
Amaemon is severely wounded.
The flame wave engulfs the orange demon!
You kill the orange demon!
* * * LOW HITPOINT WARNING * * *
Your body deteriorates!
You feel clumsy.
You feel extremely sick.
Amaemon whispers, "Once I find the ORB, I'll be cured.
I'll be normal again!"
Amaemon misses you. Amaemon barely misses you. x2
A wave of flame ripples out!
The flame wave engulfs Amaemon but does no damage.
Amaemon is severely wounded.
You finish channelling waves of flame.
You die...

# #. #.. #
###...############.#
.......@†..........#
$......6...........#
###...........<....#
#.......<........#
#................#
.................6#
#...##############.#
#... ... ...


You could see Amaemon.

Vanquished Creatures
  A centaur warrior (D:8)
  A two-headed ogre (D:6)
  A cyclops (D:8)
  2 ugly things (D:8)
  A gargoyle (D:6)
  An orange demon (D:9)
  A kobold demonologist (D:8)
  A troll (D:9)
  A shadow (D:6)
  2 wyverns
  9 yaks (D:8)
  A basilisk (D:8)
  2 vampire mosquitoes (D:8)
  A steam dragon (D:7)
  An acid dragon (D:8)
  2 water moccasins
  2 orc warriors
  3 sky beasts
  A black bear (D:5)
  2 ogres
  2 phantoms
  6 centaurs
  3 kobold brigands
  2 bullfrogs
  A gnoll sergeant (D:8)
  3 scorpions
  10 wights
  5 hounds
  A gnoll shaman (D:7)
  5 orc priests
  4 jellies
  Terence (D:3)
  3 iguanas
  9 orc wizards
  A mummy (D:6)
  11 gnolls
  6 adders
  A white imp (D:7)
  A worm (D:3)
  3 dart slugs
  26 orcs
  6 ball pythons
  4 endoplasms
  2 giant cockroaches (D:1)
  5 hobgoblins
  3 quokkas
  A bat (D:1)
  2 frilled lizards (D:1)
  5 goblins
  15 kobolds
  3 rats
186 creatures vanquished.

Vanquished Creatures (others)
  24 foxfires
  A plant (Temple)
25 creatures vanquished.

Grand Total: 211 creatures vanquished

Notes
Turn   | Place    | Note
-------+----------+-------------------------------------------
     0 | D:1      | fcSolar the Draconian Fire Elementalist began the quest for
                  | the Orb.
     0 | D:1      | Reached XP level 1. HP: 14/14 MP: 3/3
   699 | D:1      | Reached XP level 2. HP: 20/20 MP: 3/5
   702 | D:1      | Learned a level 2 spell: Scorch
  1287 | D:1      | Gained mutation: You have hidden genetic potential. [potion
                  | of mutation]
  1287 | D:1      | Gained mutation: Your body sometimes deteriorates upon
                  | taking damage. [potion of mutation]
  1287 | D:1      | Gained mutation: Your large and strong wings let you fly.
                  | [potion of mutation]
  1287 | D:1      | Gained mutation: You have a pair of small antennae on your
                  | head. [potion of mutation]
  1454 | D:2      | Identified the ring "Akhlaeqoy" {rElec rC+ MP+9 Int+6}
  1926 | D:3      | Reached XP level 3. HP: 16/26 MP: 6/6
  2097 | D:3      | Found a shadowy altar of Dithmenos.
  2122 | D:3      | Learned a level 3 spell: Inner Flame
  2214 | D:3      | Gained mutation: You have sharp toenails. [hidden
                  | potential]
  2315 | D:3      | Found a runed translucent door.
  2318 | D:3      | Noticed spaghetti's ghost (amateur DsBe)
  2410 | D:3      | Noticed Terence
  2417 | D:3      | Killed Terence
  2418 | D:3      | Reached skill level 4 in Fire Magic
  2418 | D:3      | Reached XP level 4. HP: 34/34 MP: 4/8
  2525 | D:3      | Gained mutation: You are strong-willed. (Will+) [hidden
                  | potential]
  2525 | D:3      | Lost mutation: You have hidden genetic potential. [hidden
                  | potential expressed]
  2950 | D:3      | Reached XP level 5. HP: 39/39 MP: 9/9
  3104 | D:4      | Noticed a centaur
  3383 | D:3      | Killed a centaur
  3687 | D:4      | Reached XP level 6. HP: 40/46 MP: 12/12
  3905 | D:4      | Reached skill level 5 in Fire Magic
  4172 | D:4      | Found a broken altar of Ashenzari.
  4246 | D:4      | Reached skill level 5 in Spellcasting
  4246 | D:4      | Your scales start taking on a pale cyan-grey colour.
  4246 | D:4      | Reached skill level 6 in Fire Magic
  4246 | D:4      | Reached XP level 7. HP: 51/51 MP: 14/14
  4246 | D:4      | Gained mutation: You are immune to the effects of steam.
                  | [Pale Draconian growth]
  4620 | D:4      | Learned a level 4 spell: Flame Wave
  4631 | D:5      | Entered Level 5 of the Dungeon
  4648 | D:5      | Learned a level 3 spell: Stone Arrow
  5376 | D:5      | Reached skill level 1 in Fighting
  5675 | D:6      | Noticed a shadow
  5678 | D:6      | Reached XP level 8. HP: 13/59 MP: 17/17
  5737 | D:6      | HP: 2/59 [centaur/arrow (3)]
  6045 | D:6      | Reached skill level 7 in Fire Magic
  6151 | D:6      | Noticed a gargoyle
  6154 | D:6      | Killed a gargoyle
  6155 | D:6      | Reached skill level 1 in Hexes
  6204 | D:6      | Reached skill level 8 in Fire Magic
  6205 | D:6      | Noticed a two-headed ogre
  6210 | D:6      | Killed a two-headed ogre
  6211 | D:6      | Reached XP level 9. HP: 20/67 MP: 13/20
  6532 | D:6      | Reached skill level 9 in Fire Magic
  7277 | D:6      | Found a sparkling altar of Nemelex Xobeh.
  7361 | D:6      | Found a shimmering blue altar of Sif Muna.
  7529 | D:6      | Reached skill level 1 in Earth Magic
  7546 | D:6      | Reached skill level 1 in Short Blades
  7782 | D:7      | Found a hide-covered altar of Uskayaw.
  7964 | D:7      | Found a flagged portal.
  8124 | D:7      | Reached skill level 10 in Fire Magic
  8691 | D:7      | Found a staircase to the Ecumenical Temple.
  8707 | Temple   | Entered the Ecumenical Temple
  9047 | D:7      | Found an ornate altar of the Wu Jian Council.
  9047 | D:7      | Found a bloodstained altar of Trog.
  9100 | D:8      | Reached XP level 10. HP: 42/73 MP: 23/23
  9410 | D:8      | Noticed a brown ugly thing
  9417 | D:8      | Killed a brown ugly thing
  9632 | D:8      | Reached skill level 11 in Fire Magic
  9989 | D:8      | Reached skill level 10 in Spellcasting
 10021 | D:8      | Noticed a cyclops
 10059 | D:8      | Noticed a purple ugly thing
 10065 | D:8      | Killed a cyclops
 10249 | D:8      | Noticed a centaur warrior
 10256 | D:8      | Killed a centaur warrior
 10534 | D:8      | Reached skill level 12 in Fire Magic
 10534 | D:8      | Reached XP level 11. HP: 79/79 MP: 25/25
 10548 | D:8      | Killed a purple ugly thing
 10787 | D:8      | Identified the ring "Katacruv" {Wiz Contam rF+ Will+ rCorr}
 11096 | D:9      | Noticed Amaemon
 11122 | D:9      | Succumbed to Amaemon's poison

Illustrated notes

Levels and vault maps discovered:
D:1:      saegor_arrival_fortress, layout_basic
D:2:      layout_rooms
D:3:      layout_basic, nicolae_dithmenos_shadow_blocks,
          ebering_ghost_reflecting_pool, uniq_terence
D:4:      layout_loops_cross, mainiacjoe_overflow_cross_hatched,
          hangedman_abyss_or_decor_lesser_grid, hangedman_decor_points,
          minmay_splitting_lines, fountainhead, dk_noncrumbling_3,
          chequers_decorated_corner, hangedman_decor_diamond_cutter
D:5:      layout_basic
D:6:      layout_layer_cave, nemelex_dance_club_becter, tgw_sif,
          gup_ossuary_entry_pyramid, kb_rosetta
D:7:      layout_loops_cross, gammafunk_temple_overflow_elements,
          nicolae_uskayaw_dance_hall, minmay_temple_entry_trees, enter_bailey_8
D:8:      minmay_the_grid_octo_tiled_squarecenter [minmay_the_grid_octo_empty,
          minmay_the_grid_octo_77, minmay_the_grid_octo_clover_2,
          minmay_the_grid_octo_concentric,
          minmay_the_grid_square_5x5_megaprize_crossed,
          minmay_the_grid_square_5x5_detours, minmay_the_grid_square_5x5_inset,
          minmay_the_grid_square_5x5_spiral, minmay_the_grid_square_5x5_c],
          layout_rooms
D:9:      layout_long_grid, minmay_overflow_temple_star_quad, worms_lemuel,
          uniq_amaemon
Temple:   jpeg_temple_island

Skill      XL: |  1  2  3  4  5  6  7  8  9 10 11 |
---------------+----------------------------------+-----
Stealth        | 2 3 |  3.8
Fire Magic     | 4 6 8 10 12 | 12.3
Spellcasting   | 3 4 5 6 7 9 10 11 | 11.1
Dodging        | 2 3 |  3.6
Fighting       | 1 2 3 |  3.2
Conjurations   | 2 |  2.3
Hexes          | 1 |  1.5
Earth Magic    | 1 |  1.4
Short Blades   | 1 |  1.0
Throwing       | |  0.6

Action                   |  1- 3 |  4- 6 |  7- 9 | 10-12 || total
-------------------------+-------+-------+-------+-------++-------
Melee: Dagger            |    57 |    23 |    66 |     3 ||   149
       Tailslap          |     5 |     2 |     5 |     1 ||    13
       Kick              |       |     3 |    10 |       ||    13
       Punch             |       |       |     1 |       ||     1
Throw: Stone             |       |     2 |    11 |     9 ||    22
 Cast: Foxfire           |    10 |     2 |     5 |       ||    17
       Scorch            |    24 |    46 |   127 |   117 ||   314
       Inner Flame       |       |     2 |     9 |     2 ||    13
       Stone Arrow       |       |       |    12 |     3 ||    15
       Flame Wave        |       |       |     1 |     4 ||     5
 Abil: Breathe Steam     |       |       |     3 |     3 ||     6
Evoke: Wand              |       |     1 |       |       ||     1
  Use: Scroll            |     4 |     3 |     5 |     1 ||    13
       Potion            |     2 |       |     4 |       ||     6
 Stab: Sleeping          |     5 |     2 |     2 |       ||     9
Armor: Skin              |    13 |    16 |    46 |    26 ||   101
Dodge: Dodged            |    37 |    12 |    56 |    88 ||   193

Table legend: (Time is in decaauts)
 A = Elapsed time spent in this place.
 B = Non-inter-level travel time spent in this place.
 C = Inter-level travel time spent in this place.
 D = Time resting spent in this place.
 E = Time spent auto-exploring this place.
 F = Levels seen in this place.
 G = Mean time per level.
                   A        B        C        D        E       F      G
               +--------+--------+--------+--------+--------+-----+--------+
         Total |  11123 |  11123 |      0 |   1905 |   5788 |  10 | 1112.3 |
       Dungeon |  10986 |  10986 |      0 |   1905 |   5788 |   9 | 1220.7 |
        Temple |    137 |    137 |      0 |      0 |      0 |   1 |  137.0 |
               +--------+--------+--------+--------+--------+-----+--------+

Top non-repeatable levels by time:
     D:6: 1750 daAuts
     D:8: 1595 daAuts
     D:7: 1583 daAuts
     D:3: 1474 daAuts
     D:1: 1448 daAuts
     D:5: 1399 daAuts
     D:4: 1241 daAuts
     D:2: 466 daAuts
  Temple: 137 daAuts
     D:9: 25 daAuts
